 Dungeon Crawl Stone Soup version 0.24-a0-415-g6d73c25c48 (webtiles) character file.

Game seed: 1627668174042266641

5317 BorisKarlOrff the Spear-Bearer (level 10, -1/108 HPs)
             Began as a Minotaur Chaos Knight on June 7, 2019.
             Was a Plaything of Xom.
             Slain by a wolf (7 damage)
             ... on level 8 of the Dungeon.
             The game lasted 00:20:59 (6589 turns).

BorisKarlOrff the Spear-Bearer (MiCK)               Turns: 6589, Time: 00:21:02

Health: -1/108     AC: 17    Str: 18    XL:     10   Next: 37%
Magic:  9/9        EV:  7    Int:  9    God:    Xom [...*..]
Gold:   465        SH:  8    Dex: 12    Spells: 9/9 levels left

rFire    . . .     SeeInvis .   a - +2 spear (chaos)
rCold    + . .     Gourm    .   m - +0 buckler
rNeg     . . .     Faith    .   s - +0 plate armour
rPois    .         Spirit   .   (helmet restricted)
rElec    .         Reflect  +   e - +2 cloak
rCorr    .         Harm     .   (no gloves)
MR       +....                  (no boots)
Stlth    ..........             o - +3 amulet of reflection
HPRegen  0.28/turn              k - ring of protection from cold
MPRegen  0.11/turn              n - ring of protection from magic

@: no status effects
A: retaliatory headbutt, horns 2, blurry vision 3, robust 2
a: Renounce Religion


You were on level 8 of the Dungeon.
You worshipped Xom.
You were a favourite toy of Xom.
You were not hungry.

You visited 2 branches of the dungeon, and saw 9 of its levels.
You also visited: Bailey.

You collected 465 gold pieces.

Inventory:

Hand Weapons
 a - a +2 spear of chaos (weapon)
 w - a +1 trident of flaming
 y - the +4 flail "Bol Vump" {protect, +Fly Str+3}
   (You found it in a bailey)

   It grants its wielder temporary protection when it strikes (+7 to AC).
   It affects your strength (+3).
   It lets you fly.
 z - a +2 halberd of venom
Missiles
 h - 2 boomerangs of dispersal (quivered)
Armour
 e - a +2 cloak (worn)
 m - a +0 buckler (worn)
 s - a +0 plate armour (worn)
Jewellery
 k - a ring of protection from cold (left hand)
 n - a ring of protection from magic (right hand)
 o - a +3 amulet of reflection (around neck)
 A - a cursed ring of teleportation {unknown}
Wands
 f - a wand of digging (6)
 j - a wand of iceblast (6)
 x - a wand of flame (23)
 B - a wand of enslavement (11)
Scrolls
 i - 8 scrolls of teleportation
 l - 2 scrolls of blinking
 p - 7 scrolls of remove curse
Potions
 b - 2 potions of mutation
 d - 2 potions of agility
 g - a potion of ambrosia
 q - a potion of lignification
 r - 2 potions of resistance
 t - 2 potions of cancellation
 u - a potion of flight
 v - a potion of magic
Comestibles
 c - 13 rations


   Skills:
 + Level 8.6 Fighting
 + Level 11.4 Polearms
 + Level 1.4 Throwing
 + Level 9.7 Armour
 + Level 3.0 Dodging
 + Level 4.5 Stealth
 + Level 4.2 Shields


You had 9 spell levels left.
You didn't know any spells.
Your spell library was empty.

Dungeon Overview and Level Annotations

Branches:
Dungeon (8/15)             Temple (1/1) D:6            Lair (0/6) D:8

Altars:
Ashenzari
Cheibriados
Dithmenos
Elyvilon
Fedhas
Gozag
Hepliaklqana
Kikubaaqudgha
Makhleb
Nemelex Xobeh
Okawaru
Qazlal
Ru
Sif Muna
Trog
Uskayaw
Vehumet
Wu Jian
Xom
Yredelemnul
The Shining One

Shops:
D:8 %

Annotations:
D:8 3 runed translucent doors


Innate Abilities, Weirdness & Mutations

You reflexively headbutt those who attack you in melee.
You have a pair of horns on your head.
Scrolls take you much longer to read.
You are very robust. (+20% HP)


Message History

You puncture the water moccasin!
You kill the water moccasin!
The hound pauses to sniff the water.
You block the wolf's attack. The wolf bites you but does no damage.
The wolf bites you!
* * * LOW HITPOINT WARNING * * *
You block the wolf's attack. The wolf bites you.
* * * LOW HITPOINT WARNING * * *
You block the wolf's attack. The wolf bites you.
* * * LOW HITPOINT WARNING * * *
You see here a water moccasin corpse.
The wolf splashes around in the water.
The wolf bites you!
* * * LOW HITPOINT WARNING * * *
The electric eel shoots out a bolt of lightning at you!
The bolt of electricity hits you!
* * * LOW HITPOINT WARNING * * *
The wolf bites you!
You die...
Xom is highly amused!

.. ........#.#####.#####
.... .... ....... .....
.....####.####.#.######...
..........................
...........#.###.#........
.≈.≈≈...≈....# #.#.##..5..
.≈.≈Z≈≈≈...#####.#.#.5.#.#
.≈.≈≈≈≈≈≈h....#..#.#.5...#
≈≈.≈≈≈≈hh@..#.##)#.#5#####
≈≈.≈≈≈Thh...# #..#.#.5.#
≈≈.≈≈≈;h....# #.##.###5#
≈..≈.≈≈≈...#..#.##.###.#
.≈..≈≈≈≈;..#.#..##.....###
.≈..≈≈≈≈≈≈.#.#............
..../≈≈≈≈≈## #############
≈.>..≈≈≈≈≈# # .$..≈≈≈≈≈≈.
#


You could see a troll, 5 wolves, a hound, 2 electric eels and a worker ant
zombie.

Vanquished Creatures
  Erica (D:8)
  An orc knight (Bailey)
  Maurice (D:8)
  A kobold demonologist (Bailey)
  Grinder (D:3)
  Sigmund (D:3)
  A water moccasin (D:8)
  2 floating eyes (shapeshifter)
  A sky beast (D:6)
  An ice beast (D:7)
  6 orc warriors (Bailey)
  4 ogres
  3 centaurs
  4 bullfrogs
  2 scorpions (D:4)
  4 electric eels
  3 crimson imps
  A centaur zombie (D:7)
  2 hounds (D:8)
  A jelly (D:5)
  3 orc priests
  A bullfrog skeleton (D:4)
  Jessica (D:2)
  2 orc wizards (D:5)
  Natasha (thrice) (D:3)
  2 iguanas
  2 worker ants
  A hound zombie (D:7)
  A howler monkey zombie (D:5)
  2 worker ant zombies
  Robin (D:3)
  2 adders (D:7)
  A shadow imp (D:6)
  2 oozes
  2 adder skeletons
  An adder zombie (D:5)
  4 worms
  2 dart slugs (D:1)
  3 leopard geckos
  30 orcs
  4 ball pythons
  2 giant cockroaches
  16 goblins
  18 hobgoblins
  2 jackals (D:5)
  5 kobolds
  2 quokkas (D:2)
  6 bats
  5 frilled lizards
  A jackal skeleton (D:5)
  A jackal zombie (D:5)
  7 rats
176 creatures vanquished.

Vanquished Creatures (collateral kills)
  An orc knight (Bailey)
  A kobold demonologist (Bailey)
  An orc warrior (Bailey)
  An electric eel (Bailey)
  A gnoll (Bailey)
  An orc (Bailey)
  A goblin (Bailey)
  4 hobgoblins (Bailey)
11 creatures vanquished.

Vanquished Creatures (others)
  A gnoll (Bailey)
  A worm (D:4)
  A goblin (D:3)
  A rat (D:3)
4 creatures vanquished.

Grand Total: 191 creatures vanquished

Notes
Turn   | Place    | Note
-------+----------+-------------------------------------------
     0 | D:1      | BorisKarlOrff the Minotaur Chaos Knight began the quest for
                  | the Orb.
     0 | D:1      | Reached XP level 1. HP: 19/19 MP: 0/0
    84 | D:1      | Reached XP level 2. HP: 25/27 MP: 1/1
    96 | D:1      | Reached skill level 4 in Polearms
   627 | D:2      | Reached XP level 3. HP: 34/34 MP: 2/2
   711 | D:2      | XOM is BORED!
   711 | D:2      | XOM: noise
   744 | D:2      | XOM: cloud trail
   913 | D:2      | Noticed Jessica
   917 | D:2      | Killed Jessica
   917 | D:2      | Reached XP level 4. HP: 39/41 MP: 3/3
  1020 | D:2      | XOM: harmless Summ miscast
  1226 | D:3      | Reached skill level 5 in Polearms
  1234 | D:3      | Noticed Natasha
  1241 | D:3      | Killed Natasha
  1348 | D:3      | Reached XP level 5. HP: 31/47 MP: 4/4
  1352 | D:3      | Noticed Sigmund
  1407 | D:3      | Killed Sigmund
  1407 | D:3      | Reached skill level 5 in Fighting
  1407 | D:3      | Reached skill level 1 in Stealth
  1407 | D:3      | Reached XP level 6. HP: 34/56 MP: 5/5
  1468 | D:3      | Noticed Natasha
  1492 | D:3      | Gained mutation: Your magical capacity is low. (-10% MP)
                  | [potion of mutation]
  1492 | D:3      | Gained mutation: You are robust. (+10% HP) [potion of
                  | mutation]
  1492 | D:3      | Gained mutation: You are very robust. (+20% HP) [potion of
                  | mutation]
  1493 | D:3      | Killed Natasha
  1663 | D:3      | XOM: god gift: 8 boomerangs of dispersal
  1723 | D:3      | Noticed Robin
  1740 | D:3      | Killed Robin
  1749 | D:3      | Noticed a glowing shapeshifter
  1749 | D:3      | a hobgoblin changed into a glowing shapeshifter
  1749 | D:3      | Noticed a redback
  1749 | D:3      | a glowing shapeshifter changed into a redback
  1751 | D:3      | Noticed a floating eye
  1751 | D:3      | a redback changed into a floating eye
  1753 | D:3      | Killed a floating eye
  1753 | D:3      | Reached skill level 6 in Polearms
  1753 | D:3      | Reached skill level 5 in Armour
  1777 | D:3      | XOM: give mutations
  1777 | D:3      | Gained mutation: Scrolls take you a little longer to read.
                  | [Xom's mischief]
  1777 | D:3      | Lost mutation: Your magical capacity is low. (-10% MP)
                  | [Xom's mischief]
  1777 | D:3      | Gained mutation: Scrolls take you longer to read. [Xom's
                  | mischief]
  1777 | D:3      | Gained mutation: Scrolls take you much longer to read.
                  | [Xom's mischief]
  1826 | D:3      | Noticed Grinder
  1829 | D:3      | XOM: enchant monster (good)
  1843 | D:3      | XOM: confuse monster(s)
  1848 | D:3      | Killed Grinder
  1848 | D:3      | Reached XP level 7. HP: 68/73 MP: 6/6
  1932 | D:3      | Noticed Natasha
  1936 | D:3      | XOM: scenery: 1 doors close
  1944 | D:3      | Killed Natasha
  2140 | D:4      | XOM: summons 3 friendly demons
  2143 | D:4      | Reached skill level 7 in Polearms
  2438 | D:4      | XOM: enchant monster (good)
  2476 | D:4      | Reached skill level 8 in Polearms
  2581 | D:5      | Entered Level 5 of the Dungeon
  2616 | D:5      | Reached XP level 8. HP: 69/84 MP: 7/7
  2649 | D:5      | XOM: smoke on damage
  2704 | D:5      | XOM: harmless Pois miscast
  2771 | D:5      | Found a sacrificial altar of Ru.
  2781 | D:5      | XOM: summons 4 friendly demons
  3308 | D:5      | Reached skill level 9 in Polearms
  3563 | D:6      | Found a sparkling altar of Nemelex Xobeh.
  3590 | D:6      | Found a staircase to the Ecumenical Temple.
  3941 | D:6      | XOM: god gift: broad axe {god gift}
  4240 | D:6      | XOM: god gift: plate armour {god gift}
  4393 | D:6      | Found a shimmering altar of Xom.
  4395 | D:6      | Found an iron altar of Okawaru.
  4399 | D:6      | Found a radiant altar of Vehumet.
  4400 | D:6      | Found a white marble altar of Elyvilon.
  4400 | D:6      | Found an ornate altar of the Wu Jian Council.
  4400 | D:6      | Found a stormy altar of Qazlal.
  4401 | D:6      | Found a sparkling altar of Nemelex Xobeh.
  4402 | D:6      | Found a burning altar of Makhleb.
  4403 | D:6      | Found a hide-covered altar of Uskayaw.
  4466 | Temple   | Entered the Ecumenical Temple
  4673 | D:7      | XOM: summons 2 friendly demons
  4691 | D:7      | Reached XP level 9. HP: 93/93 MP: 8/8
  4847 | D:7      | Noticed a glowing shapeshifter
  4847 | D:7      | an adder changed into a glowing shapeshifter
  4847 | D:7      | a glowing shapeshifter changed into a floating eye
  5082 | D:7      | Reached skill level 10 in Polearms
  5539 | D:8      | Found a flagged portal.
  5568 | D:8      | XOM: god gift: 56 gold pieces
  5571 | Bailey   | Entered a bailey
  5600 | Bailey   | XOM: 7-stop teleportation journey
  5922 | Bailey   | Noticed an orc knight
  5923 | Bailey   | Noticed an orc knight
  5923 | Bailey   | Noticed a kobold demonologist
  5923 | Bailey   | Noticed a kobold demonologist
  5924 | Bailey   | Found an iron altar of Okawaru.
  5928 | Bailey   | Noticed a hellwing
  5928 | Bailey   | XOM: divination: magic mapping
  5933 | Bailey   | XOM: divination: detect creatures
  5934 | Bailey   | XOM: potion effect (agility)
  5936 | Bailey   | XOM: divination: detect items
  5941 | Bailey   | Noticed a sun demon
  5941 | Bailey   | Killed an orc knight
  5941 | Bailey   | Reached skill level 1 in Throwing
  5941 | Bailey   | Reached skill level 1 in Shields
  5941 | Bailey   | Killed a kobold demonologist
  5947 | Bailey   | Killed an orc knight
  5952 | Bailey   | Killed a kobold demonologist
  5952 | Bailey   | Reached skill level 11 in Polearms
  5997 | Bailey   | Reached XP level 10. HP: 56/106 MP: 9/9
  6045 | Bailey   | XOM: mild Fire miscast
  6091 | Bailey   | Got a slimy flail
  6093 | Bailey   | Identified the +4 flail "Bol Vump" {protect, +Fly Str+3}
                  | (You found it in a bailey)
  6439 | D:8      | XOM: scenery: create altars
  6442 | D:8      | XOM: enchant monster (bad)
  6487 | D:8      | Found Suzat's Food Shop.
  6497 | D:8      | Found a runed translucent gate.
  6498 | D:8      | Found a runed translucent gate.
  6498 | D:8      | Found a runed translucent gate.
  6498 | D:8      | Noticed Erica
  6498 | D:8      | XOM: divination: detect items
  6501 | D:8      | XOM: summons 4 friendly demons
  6517 | D:8      | Killed Erica
  6541 | D:8      | Noticed Maurice
  6552 | D:8      | Killed Maurice
  6569 | D:8      | XOM: blink monster(s)
  6572 | D:8      | Found a staircase to the Lair.
  6589 | D:8      | Slain by a wolf

Levels and vault maps discovered:
D:1:      minmay_arrival_stone_box, layout_rooms, bh_walls_and_bars
D:2:      layout_basic, first_ration, minmay_misc_feat_iff, uniq_jessica
D:3:      layout_basic, uniq_natasha, uniq_grinder, uniq_robin, uniq_sigmund
D:4:      layout_basic
D:5:      layout_loops_ring, basic_altar
D:6:      layout_basic, minitemple, minmay_temple_entry_statues_fountains,
          basic_altar
D:7:      layout_basic
D:8:      layout_basic, erik_lair_island, serial_shops, shop,
          gammafunk_ghost_necromancy, enter_bailey_6, uniq_harold, uniq_erica,
          uniq_maurice
Temple:   nicolae_temple_figure_eight

Skill      XL: |  1  2  3  4  5  6  7  8  9 10 |
---------------+-------------------------------+-----
Fighting       | 4 5 6 8 |  8.6
Polearms       | 4 5 6 8 9 11 | 11.4
Armour         | 3 4 5 6 8 9 |  9.7
Stealth        | 1 2 3 4 |  4.5
Dodging        | 2 3 |  3.0
Throwing       | 1 |  1.4
Shields        | 3 4 |  4.2

Action                   |  1- 3 |  4- 6 |  7- 9 | 10-12 || total
-------------------------+-------+-------+-------+-------++-------
Melee: Spear             |    67 |   127 |   362 |    78 ||   634
       Headbutt          |    10 |    17 |    82 |    11 ||   120
Throw: Boomerang         |       |     1 |     5 |       ||     6
  Use: Scroll            |     4 |       |    16 |     2 ||    22
       Potion            |       |     7 |     3 |       ||    10
 Stab: Paralysed         |       |     5 |       |     4 ||     9
       Petrifying        |       |     2 |       |       ||     2
       Invisible         |       |     1 |     6 |       ||     7
       Confused          |       |     2 |     2 |       ||     4
       Distracted        |       |       |       |     1 ||     1
  Eat: Ration            |       |     3 |     3 |       ||     6
Armor: Leather armour    |     9 |       |       |       ||     9
       Chain mail        |    28 |    91 |    68 |       ||   187
       Plate armour      |       |       |    52 |    20 ||    72
Dodge: Dodged            |    40 |    48 |    85 |    13 ||   186
Block: Buckler           |       |       |    40 |    20 ||    60

Table legend:
 A = Non-vault XP
 B = Vault XP
 C = Vault XP percentage of total XP
 D = Non-vault monster count
 E = Vault monster count
 F = Vault count percentage of total count
                 A         B        C        D         E       F
            +---------+---------+-------+---------+---------+-------
      Total |    3007 |    4589 |  60.4 |     128 |      61 |  32.3
            +---------+---------+-------+---------+---------+-------
        D:1 |      36 |       0 |   0.0 |      20 |       0 |   0.0
        D:2 |      29 |      37 |  56.1 |      15 |       1 |   6.2
        D:3 |     198 |     704 |  78.0 |      18 |      15 |  45.5
        D:4 |     357 |       0 |   0.0 |      12 |       0 |   0.0
        D:5 |     853 |       0 |   0.0 |      33 |       0 |   0.0
        D:6 |     493 |       0 |   0.0 |      10 |       0 |   0.0
        D:7 |     601 |       0 |   0.0 |      14 |       0 |   0.0
        D:8 |     440 |    1247 |  73.9 |       6 |       2 |  25.0
     Bailey |       0 |    2601 | 100.0 |       0 |      43 | 100.0
            +---------+---------+-------+---------+---------+-------
